 Dungeon Crawl Stone Soup version 0.27.1-3-gb3d3a73c9e (webtiles) character file.

Game seed: 11803877965276148026

401 Destapler the Cudgeller (level 6, -5/82 (93) HPs)
             Began as a Troll Berserker on Oct 18, 2021.
             Was a Believer of Trog.
             Slain by a wight (10 damage)
             ... on level 3 of the Dungeon.
             The game lasted 00:04:53 (1990 turns).

Destapler the Cudgeller (Troll Berserker)           Turns: 1990, Time: 00:04:54

HP:   -5/82 (93)    AC:  8    Str: 28    XL:     6   Next: 54%
MP:   5/5           EV: 10    Int:  3    God:    Trog [**....]
Gold: 145           SH:  0    Dex:  9    Spells: 5/5 levels left

rFire    . . .     SeeInvis .   a - +0 mace
rCold    . . .     Faith    .   (no shield)
rNeg     . . .     Spirit   .   b - +0 animal skin
rPois    .         Reflect  .   (helmet restricted)
rElec    .         Harm     .   (no cloak)
rCorr    .         Rampage  .   (gloves unavailable)
Will     ++...                  (boots unavailable)
Stlth    ..........             (no amulet)
HPRegen  2.23/turn              k - +4 ring of protection
MPRegen  0.09/turn              (no ring)

@: berserking, strong-willed, regenerating, heavily drained, very quick
A: large, unfitting armour, claws 3, regeneration 1, shaggy fur 1, tough skin 1
a: Renounce Religion, Berserk, Trog's Hand


You were on level 3 of the Dungeon.
You worshipped Trog.
Trog was pleased with you.
You visited 1 branch of the dungeon, and saw 4 of its levels.

You collected 145 gold pieces.

Inventory:

Hand Weapons
 a - a +0 mace (weapon)
 n - a +1 dagger of venom
Missiles
 q - 3 boomerangs (quivered)
 r - 17 poisoned darts
Armour
 b - a +0 animal skin (worn)
Jewellery
 k - a +4 ring of protection (left claw)
Scrolls
 c - a scroll of brand weapon {unknown}
 e - a scroll of blinking {unknown}
 f - 2 scrolls of amnesia {unknown}
 g - a scroll of fog {unknown}
 h - a scroll of acquirement {unknown}
 i - a scroll of immolation
 m - a scroll of magic mapping {unknown}
 o - 2 scrolls of identify {unknown}
Potions
 d - a potion of heal wounds {unknown}
 j - a potion of flight {unknown}
 l - a potion of lignification {unknown}
 p - a potion of resistance {unknown}


   Skills:
 + Level 4.1 Fighting
 + Level 4.4 Maces & Flails
 + Level 4.0 Dodging


You had 5 spell levels left.
You didn't know any spells.
Your spell library contained the following spells:

 Spells                   Type           Power      Damage    Failure   Level
 Stone Arrow              Conj/Erth      0%         3d7       88%         3
 Bolt of Magma            Conj/Fire/Erth 0%         4d4       100%        5
 Shatter                  Erth           0%         3d5*      100%        9


Dungeon Overview and Level Annotations

Branches:
Dungeon (4/15)
 Temple: D:4-7

Altars:
Makhleb
Zin


Innate Abilities, Weirdness & Mutations

You are too large for most types of armour.
You have claws for hands.
Your natural rate of healing is unusually fast.
You are covered in fur. (AC +1)
You have tough skin. (AC +1)


Message History

The wight is moderately damaged.
The wight hits you with a +2 morningstar of protection!
* * * LOW HITPOINT WARNING * * *
You closely miss the wight.
The wight is moderately damaged.
The wight hits you with a +2 morningstar of protection!
* * * LOW HITPOINT WARNING * * *
You are too injured to fight recklessly!
There is a stone staircase leading up here.
The wight hits you with a +2 morningstar of protection!
* * * LOW HITPOINT WARNING * * *
You climb upwards.
There is a stone staircase leading down here.
The wight completely misses you.
The wight hits you with a +2 morningstar of protection!
* * * LOW HITPOINT WARNING * * *
Your skin crawls.
You feel strong-willed.
The wight hits you with a +2 morningstar of protection.
* * * LOW HITPOINT WARNING * * *
You feel drained.
* * * LOW HITPOINT WARNING * * *
A red film seems to cover your vision as you go berserk!
You feel yourself moving faster!
You feel mighty! The wight barely misses you.
You hit the wight.
The wight is heavily damaged.
You completely miss the wight.
The wight is heavily damaged.
The wight barely misses you.
You hit the wight but do no damage.
The wight is heavily damaged.
The wight barely misses you.
You closely miss the wight.
The wight is heavily damaged.
The wight hits you with a +2 morningstar of protection!
* * * LOW HITPOINT WARNING * * *
You barely miss the wight.
The wight is heavily damaged.
The wight hits you with a +2 morningstar of protection!
You die...

##.........)........##
##...##.##.....##.##...
#..###.#.##.#.##.#.##.)
#..#...#...###...#.[#.)
#..###.#.##.#.##.#.##.)
#....##.##.....##.##.).
#.#..................##
#....z.............)...
###...@....####....####
#...........#....#
###.........#######
#...............#
#.........#####.#
#......#>## #.#
#......#.# #.#
########.######.#
#........<.....###


You could see a wight.

Vanquished Creatures
  2 wights (D:4)
  A howler monkey (D:4)
  3 orc priests (D:3)
  An orc wizard (D:3)
  2 adders
  6 gnolls (D:2)
  2 worms
  3 dart slugs
  10 orcs
  11 ball pythons
  2 bats
  An endoplasm (D:3)
  4 goblins
  10 hobgoblins
  6 jackals
  2 quokkas
  4 frilled lizards (D:1)
  5 kobolds
  4 rats
79 creatures vanquished.

Notes
Turn   | Place    | Note
-------+----------+-------------------------------------------
     0 | D:1      | Destapler the Troll Berserker began the quest for the Orb.
     0 | D:1      | Reached XP level 1. HP: 22/22 MP: 0/0
    38 | D:1      | Reached XP level 2. HP: 29/29 MP: 1/1
   536 | D:2      | Reached XP level 3. HP: 36/36 MP: 2/2
   536 | D:2      | Found a faded altar of an unknown god.
   544 | D:2      | Reached ** piety under Trog
   786 | D:2      | Reached XP level 4. HP: 45/45 MP: 3/3
  1254 | D:3      | Reached XP level 5. HP: 53/53 MP: 4/4
  1368 | D:3      | Found a burning altar of Makhleb.
  1368 | D:3      | Found a glowing silver altar of Zin.
  1375 | D:3      | Noticed an angel
  1375 | D:3      | Noticed an Executioner
  1669 | D:3      | Reached XP level 6. HP: 62/62 MP: 5/5
  1971 | D:4      | HP: 1/57 [wight (7)]
  1989 | D:3      | HP: 4/82 [wight (12)]
  1990 | D:3      | Slain by a wight

Illustrated notes

Levels and vault maps discovered:
D:1:      dpeg_arrival_simpleton_c, layout_rooms
D:2:      layout_loops_ring, hellmonk_ecumenical_altar_blasted
D:3:      layout_basic, grunt_temple_overflow_order_and_chaos_2, minmay_ruptured
D:4:      layout_basic, slow_altar_2, mainiacjoe_overflow_alcove_4,
          evilmike_ruin_ashenzari, general_overflow_altar,
          nicolae_shop_sticking_my_neck_out

Skill      XL: |  1  2  3  4  5  6 |
---------------+-------------------+-----
Maces & Flails | 3 4 |  4.4
Fighting       | 3 4 |  4.1
Dodging        | 3 4 |  4.0

Action                   |  1- 3 |  4- 6 || total
-------------------------+-------+-------++-------
Melee: Mace              |   128 |   189 ||   317
Invok: Berserk           |       |     4 ||     4
       Trog's Hand       |       |     3 ||     3
Armor: Animal skin       |    47 |    91 ||   138
Dodge: Dodged            |    91 |   114 ||   205
